[Event "*** Titled Tuesday Blitz"]
[Site "Chess.com"]
[Date "2020.03.03"]
[Round "2"]
[White "iturrizaga"]
[Black "Atakishiyev04"]
[Result "0-1"]
[WhiteElo "2961"]
[BlackElo "2674"]
[TimeControl "180+1"]
[EndTime "9:18:58 PST"]
[Termination "Atakishiyev04 won on time"]

1. c4 Nf6 2. g3 g6 3. Bg2 d5 4. cxd5 Nxd5 5. Nc3 Nxc3 6. bxc3 Bg7 7. h4 h6 8. d4 c5 9. e3 Nc6 10. Ne2 O-O 11. h5 g5 12. f4 Bg4 13. fxg5 Qd6 14. gxh6 Bxh6 15. Qd3 e5 16. d5 f5 17. e4 Rad8 18. O-O f4 19. Bf3 Bc8 20. g4 Kh8 21.
Rf2 Rg8 22. Rg2 Rg7 23. Ba3 Ne7 24. Kf2 b6 25. Rag1 Rdg8 26. c4 Bg5 27. Bb2 Kh7 28.
Kf1 Nc6 29. Qc3 Nd4 30. Nxd4 cxd4 31. Qd3 Ba6 32. Bxd4 Rc8 33. Rc2 Rgc7 34. Kg2 Rxc4 35. Rxc4 Bxc4 36. Qb1 Ba6 37. Bf2 Rc3 38. Rc1 Rxf3 0-1

[Event "*** Titled Tuesday Blitz"]
[Site "Chess.com"]
[Date "2020.03.03"]
[Round "2"]
[White "DenishevM"]
[Black "GMKrikor"]
[Result "0-1"]
[WhiteElo "2597"]
[BlackElo "2851"]
[TimeControl "180+1"]
[EndTime "9:18:59 PST"]
[Termination "GMKrikor won on time"]

1. d4 Nf6 2. c4 e6 3. g3 d5 4. Nf3 h6 5. Bg2 Bd6 6. O-O O-O 7. Qc2 b6 8. cxd5 exd5 9. Nc3 Bb7 10. Bf4 Bxf4 11.
gxf4 Nc6 12. e3 Ne7 13. Ne5 c5 14. Rad1 Rc8 15. Qa4 a6 16. Qb3 c4 17. Qc2 b5 18.
a3 Qb6 19. Kh1 a5 20. Rg1 b4 21. Na4 Qd6 22. Nc5 Rxc5 23. dxc5 Qxc5 24. axb4 axb4 25. Qe2 Qb6 26. Bf3 Nf5 27. Ng4 Re8 28. h3 Nh4 29.
Nxf6+ Qxf6 30. Kh2 Qe7 31. Bxd5 Bxd5 32. Rxd5 Qe4 33.
Re5 Rxe5 34. fxe5 Nf3+ 35. Kg2 Nd4+ 36. f3 Nxe2 37. fxe4 Nxg1 0-1

[Event "*** Titled Tuesday Blitz"]
[Site "Chess.com"]
[Date "2020.03.03"]
[Round "2"]
[White "Eloist"]
[Black "ShahMatKanal"]
[Result "0-1"]
[WhiteElo "2242"]
[BlackElo "2513"]
[TimeControl "180+1"]
[EndTime "9:19:00 PST"]
[Termination "ShahMatKanal won on time"]

1. e4 c5 2. Nf3 Nc6 3. Bb5 g6 4. Bxc6 dxc6 5. d3 Bg7 6. h3 e5 7. Nc3 Qe7 8. Be3 Nf6 9. Qd2 h6 10. O-O Nd7 11. Nh2 Nf8 12. f4 exf4 13. Bxf4 Ne6 14.
Bg3 Nd4 15. Rf2 Be6 16. Raf1 O-O-O 17. Qf4 Kd7 18. Ng4 g5 19. Ne5+ Bxe5 20. Qxe5 Rhg8 21. b4 b6 22. bxc5 Qxc5 23. Qc7+ Ke8 24. Kh2 Qe7 25. Qe5 Rg6 26. Qh8+ Kd7 27. Qe5 h5 28.
Qxd4+ Ke8 29. Qh8+ Kd7 30. Qe5 Ke8 31. Qh8+ Kd7 32.
Qe5 Ke8 33. Qc7 Rd7 34. Qxc6 h4 35. Be5 g4 36. hxg4 Bxg4 37. Qc8+ Rd8 38. Qc6+ Bd7 39. Qc7 Rc8 40. Qb7 Qxe5+ 41. Kh1 h3 42. g4 Qc7 43. Qxc7 Rxc7 44. Nd5 Rcc6 45. c4 b5 0-1

[Event "*** Titled Tuesday Blitz"]
[Site "Chess.com"]
[Date "2020.03.03"]
[Round "2"]
[White "AndreyNeves"]
[Black "Alopekos"]
[Result "1/2-1/2"]
[WhiteElo "2176"]
[BlackElo "2470"]
[TimeControl "180+1"]
[EndTime "9:19:03 PST"]
[Termination "Game drawn by repetition"]

1. d4 c5 2. d5 Nf6 3. Nc3 d6 4. e4 g6 5. Nf3 Bg7 6. Be2 O-O 7. Nd2 Na6 8. O-O Nc7 9. a4 a6 10. Nc4 Rb8 11. Nb6 Na8 12. Nc4 Nc7 13. Nb6 Na8 14. Nxc8 Qxc8 15. a5 b5 16. axb6 Rxb6 17. Ra2 Nc7 18.
Bf4 Nb5 19. Nxb5 axb5 20. e5 dxe5 21. Bxe5 Qf5 22. f4 Rd8 23. Bf3 Rb7 24. b3 c4 25. bxc4 bxc4 26. Qd4 Rbd7 27. Qxc4 Nxd5 28. Bxd5 Rxd5 29. Bxg7 Kxg7 30. h3 Rc5 31. Qb4 Rxc2 32. Rxc2 Qxc2 33. Qxe7 Rd2 34. Qe5+ Kh6 35. Qg5+ Kg7 36.
Qe5+ f6 37. Qe7+ Kg8 38. Qe8+ Kg7 39. Qe7+ Kg8 40. Qe8+ Kg7 41. Qe7+ 1/2-1/2

[Event "*** Titled Tuesday Blitz"]
[Site "Chess.com"]
[Date "2020.03.03"]
[Round "2"]
[White "Ginger_GM"]
[Black "David_Paravyan"]
[Result "0-1"]
[WhiteElo "2584"]
[BlackElo "2832"]
[TimeControl "180+1"]
[EndTime "9:19:05 PST"]
[Termination "David_Paravyan won by resignation"]

1. d4 Nf6 2. Nf3 g6 3. h4 Bg7 4. Bf4 c5 5. d5 Qb6 6. d6 Nc6 7. Nbd2 Nd5 8. e3 Bxb2 9. Nc4 Qb4+ 10. Nfd2 Bxa1 11. Qxa1 Qc3 12. Qxc3 Nxc3 13. dxe7 d5 14. Nd6+ Kxe7 15. h5 Nb4 16. f3 Be6 17. Kf2 g5 18.
Bg3 Nd1+ 19. Kg1 Nxe3 20. Nxb7 Nf5 21. Be5 f6 22. Bb2 Rhc8 23. a3 Nxc2 24. Bd3 Ncd4 25. Bxd4 cxd4 26. Kf2 Rab8 27. Na5 Rb2 28. Rd1 Ne3 29. Ke2 Nxd1 30. Kxd1 Bd7 31. Bxh7 Ba4+ 32. Ke2 Rc5 33. Nb7 Rxb7 34. h6 Rb8 35. Bd3 Rh8 36. h7 Bb5 37. Nf1 Bxd3+ 38. Kxd3 Rxh7 0-1

[Event "*** Titled Tuesday Blitz"]
[Site "Chess.com"]
[Date "2020.03.03"]
[Round "2"]
[White "Zufi1811"]
[Black "NTBT_DHS"]
[Result "0-1"]
[WhiteElo "2353"]
[BlackElo "2704"]
[TimeControl "180+1"]
[EndTime "9:19:06 PST"]
[Termination "NTBT_DHS won on time"]

1. e4 c5 2. Nf3 d6 3. d4 cxd4 4. Nxd4 Nf6 5. Nc3 g6 6. Be3 Bg7 7. f3 O-O 8. Qd2 Nc6 9. O-O-O d5 10. Qe1 e5 11. Nxc6 bxc6 12. exd5 Nxd5 13. Bc4 Be6 14. Ne4 Qc7 15. Bc5 Rfd8 16. h4 h6 17. g4 Nf4 18. Bxe6 Nxe6 19. Bd6 Qb6 20. g5 h5 21. c3 c5 22. Qe2 Rac8 23. Be7 Rxd1+ 24. Rxd1 c4 25. Nf6+ Bxf6 26. Bxf6 Nf4 27. Qxe5 Nd3+ 28. Rxd3 cxd3 29. Bh8 Qg1+ 30. Kd2 Qf2+ 31. Kxd3 Qxf3+ 32. Kc2 Qf5+ 33. Qxf5 gxf5 34. Bd4 f4 35. b4 a6 36. a4 Kh7 37. Kd3 Re8 38. b5 axb5 39. axb5 Kg6 40. b6 Kf5 41. c4 Rd8 42. c5 f3 43. b7 Ke6 44. c6 f2 0-1

[Event "*** Titled Tuesday Blitz"]
[Site "Chess.com"]
[Date "2020.03.03"]
[Round "2"]
[White "Zkid"]
[Black "Yeritsyan_Aram"]
[Result "1-0"]
[WhiteElo "2867"]
[BlackElo "2387"]
[TimeControl "180+1"]
[EndTime "9:19:07 PST"]
[Termination "Zkid won on time"]

1. e4 e5 2. Nf3 Nc6 3. Bb5 a6 4. Ba4 Nf6 5. O-O Be7 6. d3 b5 7. Bb3 d6 8. a3 O-O 9. Nc3 Bb7 10. a4 Nd4 11. Nxd4 exd4 12. Nd5 c5 13. Nxe7+ Qxe7 14. Bg5 h6 15. Bh4 c4 16. Bxf6 Qxf6 17. dxc4 bxc4 18.
Bxc4 Bxe4 19. Bd3 Bd5 20. Qg4 a5 21. Rad1 Rab8 22. b3 Rb4 23. Rfe1 Rd8 24. Qd7 g6 25. Qc7 Ra8 26. Be4 Bxe4 27. Rxe4 Kg7 28. Rd3 Qd8 29. Qxd8 Rxd8 30. Rexd4 Rc8 31. Rxb4 axb4 32. Rd2 Kf8 33. Kf1 Ke7 34. Ke2 Rc5 35. Kd1 Kd7 36. Rd4 Rg5 37.
g3 Rh5 38. h4 Rf5 39. f4 g5 40. hxg5 hxg5 41. Rxb4 gxf4 42. Rxf4 Rd5+ 43. Ke2 f5 44. Rc4 Re5+ 45. Kf3 Ke6 46. b4 Re1 47. a5 Ra1 48.
c3 Kd5 49. Rc8 Ra3 50. Kf4 Ke6 51. Re8+ Kd7 52. Re3 d5 53. Kxf5 Kc6 54. Re8 Kb5 55. Rc8 1-0

[Event "*** Titled Tuesday Blitz"]
[Site "Chess.com"]
[Date "2020.03.03"]
[Round "2"]
[White "rpragchess"]
[Black "suyu28"]
[Result "1-0"]
[WhiteElo "2788"]
[BlackElo "2564"]
[TimeControl "180+1"]
[EndTime "9:19:08 PST"]
[Termination "rpragchess won on time"]

1. e4 c5 2. Nf3 d6 3. d4 cxd4 4. Nxd4 Nf6 5. Nc3 a6 6. g3 e5 7.
Nde2 b5 8. Nd5 Nxd5 9. Qxd5 Ra7 10. Be3 Bb7 11. Qd3 Ra8 12. Nc3 Nd7 13. a4 bxa4 14.
Rxa4 Be7 15. Bg2 Nc5 16. Bxc5 dxc5 17. Nd5 O-O 18. O-O Re8 19. Rd1 Bf8 20. Bf1 Re6 21.
Qf3 Bxd5 22. Rxd5 Rd6 23. Bc4 Rxd5 24. Bxd5 Ra7 25. Rxa6 Qb8 26. Kg2 Bd6 27. Rc6 Bf8 28. b3 Rc7 29. Ra6 Ra7 30. h4 Qc7 31. Rc6 Qd7 32.
h5 Rc7 33. Rb6 h6 34. Rb8 Qe7 35. Qf5 Qf6 36. Qg4 Qd6 37. c3 1-0

[Event "*** Titled Tuesday Blitz"]
[Site "Chess.com"]
[Date "2020.03.03"]
[Round "2"]
[White "praveenb2002"]
[Black "politeplayer"]
[Result "1-0"]
[WhiteElo "2532"]
[BlackElo "2247"]
[TimeControl "180+1"]
[EndTime "9:19:09 PST"]
[Termination "praveenb2002 won by resignation"]

1. d4 Nf6 2. c4 e6 3. g3 d5 4. Nf3 c5 5. cxd5 exd5 6. Bg2 Nc6 7. O-O Be7 8. dxc5 Bxc5 9. Qc2 Bb6 10. Nc3 O-O 11. Na4 Bg4 12. Bg5 Rc8 13. Nxb6 axb6 14. Qd2 Re8 15. Rfd1 Qd6 16. Bxf6 Qxf6 17. h3 Bf5 18. e3 Be4 19. Nd4 Bxg2 20. Kxg2 Nxd4 21. Qxd4 Qxd4 22. Rxd4 Rc2 23. Kf3 Rxb2 24. Rxd5 g6 25. Rd7 Rc8 26. Rxb7 Rcc2 27. Rf1 Kg7 28. a4 Ra2 29. Rxb6 Rxa4 30. h4 h5 31. Kg2 Raa2 32. Rb4 Re2 33. Kf3 Rec2 34. Rf4 Rd2 35. Kg2 Rdc2 36.
Rf3 f5 37. Rb1 Ra4 38. Rb7+ Kf6 39. Rb6+ Kf7 40. Rd6 Rb2 41. Rd1 Rc2 42. Re1 Rb2 43.
e4 Kf6 44. exf5 gxf5 45. Rc1 Raa2 46. Rc6+ Ke5 47. Rc5+ Kd4 48. Rcxf5 Rb1 49. Rxh5 Raa1 50. Rf4+ Kd3 51. Kf3 Ra3 52. Rd5+ Kc2+ 53. Kg4 Rg1 54. Rc4+ Kb3 55. Rd3+ Kxc4 56. Rxa3 Kd5 57. Re3 Rg2 58. f4 1-0

[Event "*** Titled Tuesday Blitz"]
[Site "Chess.com"]
[Date "2020.03.03"]
[Round "2"]
[White "Region_07"]
[Black "silverback96"]
[Result "1-0"]
[WhiteElo "2411"]
[BlackElo "1892"]
[TimeControl "180+1"]
[EndTime "9:19:09 PST"]
[Termination "Region_07 won by resignation"]

1. d4 Nf6 2. Bg5 d5 3. Bxf6 exf6 4. e3 Bd6 5. c4 dxc4 6. Bxc4 O-O 7. Nc3 f5 8. Nf3 Nd7 9. O-O c6 10. e4 fxe4 11.
Nxe4 Bc7 12. Qc2 Nf6 13. Rfe1 Bg4 14. Ne5 Bf5 15. Nxf6+ Qxf6 16. Qb3 b6 17. Rad1 Rad8 18.
Qf3 c5 19. Nc6 Rd6 20. Ne7+ Kh8 21. Nxf5 Rdd8 22. d5 g6 23. d6 Bb8 24. Nh6 Qxf3 25. gxf3 Kg7 26. Ng4 Bxd6 27. Ne3 f5 28. Rd5 f4 29. Ng4 h5 30. Red1 hxg4 31. Rxd6 Rxd6 32. Rxd6 gxf3 33. Rd7+ Kf6 34. Rxa7 Re8 35. Kf1 Rh8 36. Ra3 Rh3 37. Bd5 Rxh2 38. Bxf3 b5 39. Kg1 Rh4 40.
Rc3 c4 41. a4 g5 42. axb5 g4 43. Bg2 f3 44. Bf1 Rh5 45. Bxc4 Re5 46. b6 Re1+ 47. Bf1 Re6 48. Rb3 Rxb6 49. Rxb6+ 1-0

[Event "*** Titled Tuesday Blitz"]
[Site "Chess.com"]
[Date "2020.03.03"]
[Round "2"]
[White "Manukyan_Artak"]
[Black "Bulldog167"]
[Result "0-1"]
[WhiteElo "2421"]
[BlackElo "2737"]
[TimeControl "180+1"]
[EndTime "9:19:10 PST"]
[Termination "Bulldog167 won on time"]

1. e4 e6 2. d4 d5 3. e5 c5 4. c3 Nc6 5. Nf3 Qb6 6. a3 c4 7.
Nbd2 Na5 8. g3 Bd7 9. h4 Ne7 10. Bh3 h6 11. O-O Nc8 12. h5 Qc7 13. Nh4 Be7 14.
f4 Nb6 15. Ndf3 O-O-O 16. f5 Nb3 17. Rb1 Na4 18. Kh2 Bxa3 19. bxa3 Nxc3 20. Qc2 Nxb1 21.
Qxb1 Kb8 22. fxe6 Bxe6 23. Bxe6 fxe6 24. Ng6 Rhe8 25. g4 Qb6 26. Kg3 Rc8 27. g5 hxg5 28.
Bxg5 c3 29. Qc2 Nxd4 30. Nxd4 Qxd4 31. Be7 Qb6 32. Bd6+ Ka8 33. Nf4 Qb2 34. Rc1 d4 35.
Nd3 Qb6 36. Rb1 Qc6 37. Nc5 b6 38. Na6 Qc4 39. Qg2+ Qc6 40. Nc7+ Rxc7 41. Bxc7 Qxg2+ 42. Kxg2 c2 43. Rc1 d3 0-1

[Event "*** Titled Tuesday Blitz"]
[Site "Chess.com"]
[Date "2020.03.03"]
[Round "2"]
[White "Grandelicious"]
[Black "JussupowFan"]
[Result "1-0"]
[WhiteElo "2681"]
[BlackElo "2339"]
[TimeControl "180+1"]
[EndTime "9:19:10 PST"]
[Termination "Grandelicious won by checkmate"]

1. Nf3 Nf6 2. g3 c5 3. Bg2 d5 4. O-O Nc6 5. d4 e6 6. c4 dxc4 7. Na3 cxd4 8. Nxc4 Bc5 9. a3 a5 10. Bg5 O-O 11. Rc1 h6 12. Bxf6 Qxf6 13. Qb3 Ba7 14. Nd6 Rb8 15. Nd2 Bd7 16. Nb5 Bb6 17. Nc4 Bd8 18.
Qd3 e5 19. Ncd6 Be7 20. Ne4 Qg6 21. Nc5 Bf5 22. Qb3 Bxc5 23. Rxc5 Be4 24. Rfc1 Bxg2 25.
Kxg2 Qe4+ 26. Qf3 f5 27. Qxe4 fxe4 28. Nd6 e3 29. fxe3 dxe3 30. R1c3 Rf2+ 31. Kh3 Rxe2 32.
Nf5 Rd8 33. Rxe3 Rf2 34. Nh4 Rdd2 35. b4 h5 36. Nf3 Ra2 37. b5 e4 38. Rxe4 Rxf3 39.
bxc6 Rff2 40. Kh4 Rxh2+ 41. Kg5 Rag2 42. Re3 bxc6 43. Kg6 h4 44. Re8# 1-0

[Event "*** Titled Tuesday Blitz"]
[Site "Chess.com"]
[Date "2020.03.03"]
[Round "2"]
[White "rasmussvane"]
[Black "farzadbfd"]
[Result "1-0"]
[WhiteElo "2882"]
[BlackElo "2623"]
[TimeControl "180+1"]
[EndTime "9:19:13 PST"]
[Termination "rasmussvane won by resignation"]

1. Nf3 Nf6 2. g3 g6 3. Bg2 Bg7 4. O-O O-O 5. d4 d6 6. Re1 d5 7. c4 c6 8. Qb3 a5 9. Bf4 a4 10.
Qb4 Nbd7 11. Nc3 a3 12. bxa3 dxc4 13. Qxc4 Rxa3 14. e4 Ra8 15. a4 Re8 16. e5 Nb6 17.
Qb3 Nfd5 18. Bd2 Nxc3 19. Bxc3 Nd5 20. Bd2 Ra7 21. a5 h6 22. h4 Be6 23. Qc2 Bf5 24. Qc5 Ra6 25. Bf1 Ra8 26. Ra2 Qd7 27. Rb2 Reb8 28. Rc1 Nc7 29. Qc3 Ne6 30. Be3 Be4 31. Nd2 Bd5 32. Nc4 Bxc4 33. Bxc4 Nc7 34. Bd2 Nd5 35. Qd3 Bf8 36. Rcb1 e6 37. Kh2 Ra7 38. Qf3 Bg7 39. Rb3 Bf8 40. Bd3 Bg7 41. h5 g5 42. Qe4 Ne7 43. Qg4 Nf5 44. Bc3 Bf8 45.
Qe4 Qd5 46. Qxd5 cxd5 47. a6 b5 48. Rxb5 Rc8 49. R5b3 Ne7 50. Ba5 Nc6 51. Bb6 Raa8 52. Bb5 Be7 53. Rc1 Nb4 54. Rxc8+ Rxc8 55. a7 Ra8 56. Rxb4 1-0

[Event "*** Titled Tuesday Blitz"]
[Site "Chess.com"]
[Date "2020.03.03"]
[Round "2"]
[White "isla88"]
[Black "kleinebeer98"]
[Result "0-1"]
[WhiteElo "2288"]
[BlackElo "2710"]
[TimeControl "180+1"]
[EndTime "9:19:14 PST"]
[Termination "kleinebeer98 won by resignation"]

1. c4 Nf6 2. Nc3 g6 3. e4 Bg7 4.
d4 d6 5. h3 O-O 6. Be3 Nc6 7.
Nf3 e5 8. d5 Nd4 9. Nxd4 exd4 10.
Bxd4 Nxe4 11. Bxg7 Re8 12. Be2 Kxg7 13. Qd4+ Qf6 14.
Qxf6+ Kxf6 15. Nxe4+ Rxe4 16. Kd2 Bf5 17. g4 Rae8 18.
Bd3 Bd7 19. Bxe4 Rxe4 20. Kd3 Rf4 21. Rae1 b5 22. b3 c6 23. Ke3 Ke5 24. f3 bxc4 25.
bxc4 Rxc4 26. Kd3+ Kxd5 27. Re7 Be6 28. Rxa7 c5 29.
a4 Rb4 30. Rd1 Kc6 31. Ke3 d5 32. a5 d4+ 33. Kf4 d3+ 34. Ke5 c4 35. Kd4 Ra4 36.
f4 h5 37. Rb1 c3+ 38. Kxc3 hxg4 39. Rb6+ Kc5 40. Rc7+ Kd5 41. Rb5+ Ke4 42. hxg4 Ra3+ 43. Kd2 Ra2+ 44. Kd1 Bxg4+ 45. Ke1 d2+ 46. Kf2 d1=Q+ 47. Kg3 Qe1+ 0-1

[Event "*** Titled Tuesday Blitz"]
[Site "Chess.com"]
[Date "2020.03.03"]
[Round "2"]
[White "FearNoEvil12"]
[Black "Terao90"]
[Result "0-1"]
[WhiteElo "1959"]
[BlackElo "2418"]
[TimeControl "180+1"]
[EndTime "9:19:16 PST"]
[Termination "Terao90 won on time"]

1. e4 c5 2. Nc3 Nc6 3. f4 g6 4.
Nf3 Bg7 5. Bc4 e6 6. f5 gxf5 7. d3 h6 8. O-O Nge7 9. Bb3 Nd4 10. Nxd4 cxd4 11. Ne2 d5 12. exf5 Nxf5 13. Rxf5 exf5 14.
Ng3 Be6 15. Qh5 Qd7 16. Bf4 O-O-O 17. Qf3 h5 18. Nxh5 Bh6 19. Be5 Be3+ 20. Kh1 Rh6 21. Ng3 Rg8 22. Nf1 Bg5 23. c3 dxc3 24. bxc3 Bd8 25. c4 dxc4 26. Rc1 Bc7 27. Bxc7 Kxc7 28. Bxc4 Bxc4 29. Rxc4+ Rc6 30. Qf4+ Kc8 31. Rd4 Qe6 32. h3 Rc2 33. Ne3 Rc5 34. Kh2 Qg6 35. Rc4 Rxc4 36. Qxc4+ Kb8 37. Qf4+ Ka8 38. Qxf5 Qg3+ 39. Kh1 Qxe3 40.
Qxf7 Qe1+ 41. Kh2 Qe5+ 42. Kh1 Qg3 43. Qd5 a6 44. a4 Qe1+ 45. Kh2 Qg3+ 46. Kh1 Rf8 47.
Kg1 Qe1+ 48. Kh2 Qe7 0-1

[Event "*** Titled Tuesday Blitz"]
[Site "Chess.com"]
[Date "2020.03.03"]
[Round "2"]
[White "vovachesss"]
[Black "Rish_97"]
[Result "1-0"]
[WhiteElo "2575"]
[BlackElo "2760"]
[TimeControl "180+1"]
[EndTime "9:19:19 PST"]
[Termination "vovachesss won by resignation"]

1. e4 e5 2. Nf3 Nf6 3. Nxe5 d6 4. Nxf7 Kxf7 5. Bc4+ d5 6. exd5 Bd6 7. O-O Rf8 8.
d4 Kg8 9. Bg5 Qe8 10. Nc3 Qg6 11.
Bh4 a6 12. a4 Bxh2+ 13. Kxh2 Qh6 14. g3 g5 15. Qd2 gxh4 16. Qxh6 Ng4+ 17. Kg1 Nxh6 18.
d6+ Kg7 19. dxc7 Nc6 20. gxh4 Nxd4 21. Nd5 Bh3 22. Nb6 Nf3+ 23. Kh1 Rf4 24. Rg1+ Kf8 25.
Rg3 Bf5 26. Nxa8 Rxh4+ 27. Kg2 Ne5 28. Bd5 Nhg4 29. Rxg4 Rxg4+ 30. Kf1 Rd4 31. Bxb7 Rc4 32. Rd1 Ke7 33. Rd5 Kf6 34. Rd8 Rxc2 35. Rf8+ Kg5 36.
Rxf5+ Kxf5 37. c8=Q+ Rxc8 38. Bxc8+ Kf4 39. Bxa6 h5 40.
Kg2 h4 41. b4 1-0

[Event "*** Titled Tuesday Blitz"]
[Site "Chess.com"]
[Date "2020.03.03"]
[Round "2"]
[White "Sankalp_Gupta2003"]
[Black "GameOverBro"]
[Result "1-0"]
[WhiteElo "2831"]
[BlackElo "2583"]
[TimeControl "180+1"]
[EndTime "9:19:21 PST"]
[Termination "Sankalp_Gupta2003 won by checkmate"]

1. d4 d6 2. e4 Nf6 3. Nc3 e5 4. Nf3 Nbd7 5. Bc4 Be7 6. O-O c6 7. a4 h6 8. h3 Qc7 9. Qe2 Nf8 10. Rd1 Ng6 11. d5 O-O 12. Be3 Nh5 13. a5 Nhf4 14.
Qf1 Kh7 15. dxc6 bxc6 16. Ne2 Nxe2+ 17. Qxe2 f5 18. exf5 Bxf5 19. Bb3 d5 20. Bd2 Bc5 21. Be3 Bd6 22. c3 Rae8 23. Bc2 Bxc2 24. Qxc2 e4 25. Nd4 Nh4 26. Qe2 Rf6 27. Bg5 hxg5 28. Qh5+ Rh6 29.
Qxe8 Bh2+ 30. Kh1 Be5 31. Ne6 Rxe6 32. Qxe6 Bf6 33. c4 Qf4 34. Qg4 Qxf2 35. Rf1 Qxb2 36. Rab1 Qe5 37. cxd5 cxd5 38. Qh5+ Kg8 39. Rb7 e3 40.
Rc1 Bd8 41. Rc8 Qf6 42. Rxd8+ Qxd8 43. Qf7+ Kh8 44. Qxg7# 1-0

[Event "*** Titled Tuesday Blitz"]
[Site "Chess.com"]
[Date "2020.03.03"]
[Round "2"]
[White "IMRosen"]
[Black "Spring199"]
[Result "1-0"]
[WhiteElo "2511"]
[BlackElo "2242"]
[TimeControl "180+1"]
[EndTime "9:19:22 PST"]
[Termination "IMRosen won on time"]

1. d4 d5 2. Bf4 c5 3. e3 Nc6 4.
Nf3 Nf6 5. Nbd2 Qb6 6. dxc5 Qxc5 7. a3 e6 8. c4 Be7 9. Rc1 Qb6 10. b4 O-O 11. c5 Qd8 12. Bd3 h6 13. O-O Nd7 14.
b5 Na5 15. c6 bxc6 16. bxc6 Nc5 17. Rxc5 Bxc5 18. Qa4 Bb6 19. Rc1 Bc7 20. Be5 Bxe5 21. Nxe5 Qc7 22. Ndf3 Rb8 23. h3 Rd8 24. e4 f6 25. Ng6 d4 26. e5 f5 27. Nxd4 Kh7 28. Nf4 Qxe5 29. c7 Bb7 30. cxb8=Q Rxb8 31. Nfxe6 Qd5 32. Bxf5+ Kh8 33. Nf4 Qd6 34. Ng6+ Kg8 35. Qxa5 Qxd4 36. Be6+ Kh7 37. Qf5 Be4 38. Nf8+ Kh8 39. Qf7 Bh7 40. Nd7 Rd8 41. Qe7 Ra8 42. Re1 Qd2 43. Rf1 Bd3 44. Qf7 1-0

[Event "*** Titled Tuesday Blitz"]
[Site "Chess.com"]
[Date "2020.03.03"]
[Round "2"]
[White "MikaelyanArman"]
[Black "Anton_Demchenko"]
[Result "0-1"]
[WhiteElo "2660"]
[BlackElo "2986"]
[TimeControl "180+1"]
[EndTime "9:19:24 PST"]
[Termination "Anton_Demchenko won by resignation"]

1. d4 Nf6 2. c4 g6 3. Nc3 Bg7 4. e4 O-O 5. Be2 d6 6. Be3 e5 7. d5 Na6 8. g4 Nc5 9. f3 h5 10.
g5 Nh7 11. h4 f6 12. gxf6 Bxf6 13. Bf2 Be7 14. Kd2 a5 15. Kc2 Rf4 16. Qe1 Kg7 17. Rc1 Bd7 18. Kb1 b6 19. Nh3 Rxh4 20. Bxh4 Bxh4 21. Qg1 Qf6 22. Rf1 Bxh3 23. Rxh3 Bg5 24.
Nb5 Rc8 25. a3 a4 26. Ka2 Kh6 27. f4 exf4 28. Nd4 Nxe4 29. Ne6 Qe5 30. Qh2 Ng3 31. Rh1 Qxe2 32. Qg1 Qxc4+ 33. Ka1 Qxd5 34. Nxg5 Nxg5 35. Rh4 Nxh1 36. Rxh1 Rf8 37. Qf2 Ne4 38. Qf3 Qe5 39. Rg1 Qf5 40. Qd3 Nc5 41. Qd4 Nb3+ 0-1

[Event "*** Titled Tuesday Blitz"]
[Site "Chess.com"]
[Date "2020.03.03"]
[Round "2"]
[White "malandragem"]
[Black "GM_dmitrij"]
[Result "0-1"]
[WhiteElo "2580"]
[BlackElo "2818"]
[TimeControl "180+1"]
[EndTime "9:19:24 PST"]
[Termination "GM_dmitrij won by resignation"]

1. e4 e5 2. Nf3 Nc6 3. Bc4 Nf6 4. Ng5 d5 5. exd5 Na5 6. Bb5+ c6 7. dxc6 bxc6 8.
Bd3 Nd5 9. h4 Qc7 10. O-O h6 11. Nf3 Bg4 12. Nc3 Nf4 13. Re1 Bd6 14. Ne4 O-O 15.
Be2 Be7 16. d3 Nxe2+ 17. Qxe2 f5 18. Ned2 Bf6 19. Rb1 Rae8 20. b4 Nb7 21. Bb2 Nd6 22. Qe3 Nf7 23. Qc5 Re7 24. a4 Rfe8 25. Re2 Nd8 26.
Rbe1 Ne6 27. Qc4 Kh8 28. Bxe5 Bxe5 29. Rxe5 Nf8 30. Rxe7 Rxe7 31. Rxe7 Qxe7 32. Qxc6 Qxb4 33. Qe8 Kh7 34. Qb5 Qe7 35. Qe5 Qb4 36. Nd4 Ng6 37.
Qg3 Qxd4 38. Nf3 Qa1+ 39. Kh2 Qxa4 40. h5 Nf4 41. Ne5 Nxh5 42. Qh4 Qf4+ 43. g3 Qxe5 0-1

[Event "*** Titled Tuesday Blitz"]
[Site "Chess.com"]
[Date "2020.03.03"]
[Round "2"]
[White "FairChess_on_YouTube"]
[Black "livestrong04"]
[Result "1-0"]
[WhiteElo "3046"]
[BlackElo "2398"]
[TimeControl "180+1"]
[EndTime "9:19:25 PST"]
[Termination "FairChess_on_YouTube won by resignation"]

1. d4 Nf6 2. c4 g6 3. Nc3 Bg7 4. e4 d6 5. h3 O-O 6. Be3 c6 7. Nf3 a6 8. a4 Qa5 9. Bd3 e5 10.
O-O exd4 11. Bxd4 Nbd7 12. Rb1 Ne5 13. b4 Qc7 14. a5 Be6 15. c5 Nxf3+ 16. Qxf3 Nd7 17.
Bxg7 Kxg7 18. Qg3 Ne5 19. Be2 f5 20. f4 Nf7 21. Qe3 Rad8 22. Na4 Rfe8 23. cxd6 Nxd6 24. e5 Ne4 25. Bf3 Nd2 26. Nc5 Nxb1 27. Rxb1 Bd5 28. e6 Bxf3 29. Qxf3 Qd6 30. Nxb7 Qd4+ 31. Kh2 Rb8 32. Rd1 Qxb4 33. Rd7+ Re7 34. Rxe7+ Qxe7 35. Qc3+ Kg8 36. Nc5 Rb5 37. Nxa6 Qxe6 38. Nc7 Qd6 39. Nxb5 Qxf4+ 40. Qg3 Qa4 41. Nd6 Qxa5 42. Nc4 Qd5 43. Ne5 c5 44. Nf3 c4 45. Qc7 Qd3 46. Ng5 f4 47.
Qf7+ 1-0

[Event "*** Titled Tuesday Blitz"]
[Site "Chess.com"]
[Date "2020.03.03"]
[Round "2"]
[White "Frolik67"]
[Black "Vusatiuk_Vladimir"]
[Result "1-0"]
[WhiteElo "2501"]
[BlackElo "2210"]
[TimeControl "180+1"]
[EndTime "9:19:25 PST"]
[Termination "Frolik67 won by resignation"]

1. e4 c5 2. d4 cxd4 3. c3 dxc3 4. Nxc3 Nc6 5. Nf3 e6 6. Bc4 a6 7. O-O b5 8. Bb3 Nge7 9. Bf4 Ng6 10. Bg3 Na5 11.
Bc2 Be7 12. Qe2 O-O 13. Rfd1 Bb7 14. a3 Qc8 15. Rac1 Nc4 16. Bb3 Rd8 17. a4 Bc6 18.
axb5 axb5 19. Nxb5 Bxb5 20. Bxc4 Bc6 21. h4 Qb7 22. h5 Nf8 23. Bd3 d5 24. e5 d4 25. h6 Bxf3 26. gxf3 g6 27. Be4 Qb4 28. Bxa8 Rxa8 29. Rc4 Qb5 30. Rdxd4 Bg5 31. Bf4 Be7 32. Rc2 Qb7 33. b4 Nd7 34. Rdc4 Bd8 35. Bg3 Nb6 36. Rc6 Nd5 37. R6c4 Nxb4 38. Rb2 Be7 39.
Qd2 Rb8 40. Kg2 Qb5 41. Qd4 Qa5 42. Bf4 Na6 43. Rxb8+ Nxb8 44. Rc8+ 1-0

[Event "*** Titled Tuesday Blitz"]
[Site "Chess.com"]
[Date "2020.03.03"]
[Round "2"]
[White "Zq1"]
[Black "Fighterman91"]
[Result "0-1"]
[WhiteElo "2535"]
[BlackElo "2765"]
[TimeControl "180+1"]
[EndTime "9:19:28 PST"]
[Termination "Fighterman91 won on time"]

1. d4 Nf6 2. c4 g6 3. Nc3 d5 4.
Nf3 Bg7 5. cxd5 Nxd5 6. Bd2 O-O 7. Rc1 Nxc3 8. Bxc3 b6 9. e3 Bb7 10. Be2 Nd7 11. O-O c5 12. d5 Nf6 13. e4 Nxe4 14. Bxg7 Kxg7 15. Bc4 Nf6 16. Re1 Nxd5 17. Qb3 e6 18. Ne5 Qg5 19. Qf3 Rad8 20. g3 Ba8 21.
h4 Qf6 22. Qe2 h5 23. Rcd1 Ne7 24. Nd7 Qf3 25. Qxf3 Bxf3 26. Rd3 Rh8 27. Nxc5 Rxd3 28. Nxd3 Rc8 29. Ne5 Bd5 30. b3 a5 31. f3 Rc7 32.
Kf2 f6 33. Nd3 Bxc4 34. bxc4 e5 35. f4 exf4 36. Nxf4 Kf7 37. Re4 Nf5 38. Nd5 Rc6 39.
Kf3 Rd6 40. Kf4 b5 41. Nc7 bxc4 42. Nb5 Rc6 43. Nc3 Nd6 44. Rd4 Nf5 45. Rd5 Ke6 46.
Rxa5 Nd6 47. Ra4 Nf7 48. Rb4 g5+ 49. Ke4 Nd6+ 0-1

[Event "*** Titled Tuesday Blitz"]
[Site "Chess.com"]
[Date "2020.03.03"]
[Round "2"]
[White "Ariadna_Atreides"]
[Black "parmupill123"]
[Result "0-1"]
[WhiteElo "2116"]
[BlackElo "2449"]
[TimeControl "180+1"]
[EndTime "9:19:30 PST"]
[Termination "parmupill123 won on time"]

1. d4 Nf6 2. Nf3 b6 3. c4 Bb7 4. Nc3 e6 5. a3 Be7 6. Bf4 O-O 7. h3 d6 8. e3 Nbd7 9. Be2 c5 10. O-O Ne4 11.
Nxe4 Bxe4 12. Bd3 Bxd3 13. Qxd3 Rc8 14. Rac1 Qc7 15. Rfd1 Rfd8 16. b4 a5 17. bxc5 bxc5 18. d5 e5 19. Bg5 Bxg5 20. Nxg5 Nf6 21. Rb1 Rb8 22. Rxb8 Rxb8 23. Rb1 a4 24. Qc2 Rxb1+ 25. Qxb1 h6 26. Nf3 Nd7 27. Qb5 Nb6 28. Nd2 g6 29. e4 Kg7 30. f3 Qa7 31. Nb1 Kf8 32. Nc3 Ke7 33. Kf2 h5 34. Ke3 Kf6 35. Kd3 Ke7 36. Qc6 h4 37. Nb5 Qb8 38. Kc3 Nd7 39. Kd3 Qb6 40. Qc8 Qa5 41. Nc7 Nf6 42. Qb7 Kf8 43.
Qc8+ Kg7 44. Qd8 Qe1 45. Qxd6 Qd1+ 46. Kc3 Qb3+ 0-1